 Dungeon Crawl Stone Soup version 0.15-a0-1015-g702813b (console) character file.

824 M2RR the Martial Artist (level 7, -3/46 HPs)
             Began as an Octopode Monk on May 25, 2014.
             Slain by Prince Ribbit (20 damage)
             ... on Level 5 of the Dungeon.
             The game lasted 00:08:41 (1605 turns).

M2RR the Martial Artist (Octopode Monk)             Turns: 1605, Time: 00:08:41

HP  -3/46        AC  1     Str 13      XL: 7   Next: 96%
MP   7/7         EV 14     Int 12      God:
Gold 3           SH  0     Dex 14      Spells:  0 memorised,  6 levels left

rFire  . . .     SeeInvis .       - Unarmed
rCold  . . .     Clarity  .     (no shield)
rNeg   + . .     Conserve .     (helmet restricted)
rPois  .         rCorr    .     (no amulet)
rElec  .         rRot     .     t - ring of positive energy
SustAb .         Spirit   .     (no ring)
rMut   .         Warding  .     (no ring)
Gourm  .         Stasis   .     (no ring)
MR     .....                    (no ring)
                                (no ring)
                                (no ring)
                                (no ring)

@: not resistant to hostile enchantments, fairly stealthy
A: almost no armour, amphibious, 8 rings, constrict 8, camouflage 1, gelatinous
body 1
a: no special abilities


You were on level 5 of the Dungeon.
You were not hungry.

You visited 1 branch of the dungeon, and saw 6 of its levels.

You collected 119 gold pieces.
You spent 116 gold pieces at shops.

Inventory:

Hand weapons
 j - a +1 blowgun
 n - a +0,+0 scythe
Magical devices
 i - a wand of paralysis (15)
 m - a wand of confusion (0)
 v - a wand of cold (8)
Comestibles
 b - 3 bread rations
 o - an apple
 r - a pear
 z - a choko
Scrolls
 c - 2 scrolls of amnesia {unknown}
 f - 2 scrolls of enchant weapon II {unknown}
 h - 5 scrolls of teleportation {unknown}
 k - a scroll of random uselessness {unknown}
 l - 4 scrolls of blinking {unknown}
 q - 2 scrolls of identify {unknown}
 x - a scroll of enchant weapon I {unknown}
 y - a scroll of remove curse {unknown}
Jewellery
 g - a cursed ring of fire
 t - a ring of positive energy (left tentacle)
Potions
 a - a potion of agility {unknown}
 d - a potion of curing
 e - a potion of might {unknown}
 p - a potion of haste {unknown}
 s - 2 potions of invisibility {unknown}
 u - a potion of mutation {unknown}
 w - a potion of flight {unknown}
 A - a potion of restore abilities {unknown}


   Skills:
 - Level 3.0 Fighting
 * Level 4.7 Dodging
 - Level 2.6 Stealth
 + Level 8.8 Unarmed Combat


You had 6 spell levels left.
You didn't know any spells.

Dungeon Overview and Level Annotations

Branches:
Dungeon (6/15)
 Temple: D:4-7

Altars:
Kikubaaqudgha

Shops:
D:5 *

Annotations:
D:5 Prince Ribbit


Innate Abilities, Weirdness & Mutations

You cannot wear most types of armour.
You are amphibious.
You can wear up to eight rings at the same time.
You can use your tentacles to constrict many enemies at once.
Your skin changes colour to match your surroundings (Stealth).
Your rubbery body absorbs attacks (AC +1).


Message History

h - 5 scrolls labeled EFROIG GIENI (gained 1) As you open the door, it creaks loudly!
There is an open door here.
You are feeling hungry.
There is an open door here.
You open the door.
There is an open door here.
Eat a chunk of worker ant flesh? (ye/n/q/i?) This raw flesh tastes terrible.
You continue eating. x2
Prince Ribbit and a skeleton come into view.
Prince Ribbit croaks.
Found 17 bolts and a leather armour.
Prince Ribbit hits you!
Evoke which item? (* to show all) (? for menu, Esc to quit)
Zapping:
i - a wand of paralysis {zapped: 2}
Press: ? - help, Shift-Dir - straight line, f - Prince Ribbit
Aim: Prince Ribbit Prince Ribbit easily resists.
Prince Ribbit hits you!!
You die...

##.## ##'#######
#..# #..# #.#
#####'#### ###.##
#.# #.........
.....# #.#
#..)...... .....#
#.###
######.........
.....# #...##
#.Z...+.........
.....# ###..##..(#
#.........
.....#########...F#
#.........
....[...........@.#
#.........
.....###########...#
#......... .#####
###.# #.........
.....# .# #.........
####.# # #######'##
#.## #..# #..# #####
#.## #####'### #...#
#####[## ........#
#>#.# ###.....<#


You could see Prince Ribbit and a goblin skeleton.

Vanquished Creatures
  Eustachio (D:4)
  A sky beast (D:5)
  A phantom (D:5)
  A centaur (D:5)
  Sigmund (D:4)
  Blork the orc (D:5)
  A scorpion (D:4)
  An iguana (D:5)
  A giant frog skeleton (D:5)
  3 worker ants (D:5)
  An ogre zombie (D:5)
  A hound skeleton (D:5)
  A mummy (D:4)
  An adder (D:4)
  2 giant mites
  A worm (D:4)
  4 giant geckos
  2 orcs (D:5)
  A ball python (D:3)
  3 hobgoblins
  5 bats
  2 giant cockroaches
  3 giant newts
  4 goblins
  A jackal zombie (D:6)
  3 kobolds
  6 rats
53 creatures vanquished.

Notes
Turn   | Place    | Note
--------------------------------------------------------------
     0 | D:1      | M2RR, the Octopode Monk, began the quest for the Orb.
     0 | D:1      | Reached XP level 1. HP: 16/16 MP: 1/1
   125 | D:2      | Reached XP level 2. HP: 14/21 MP: 2/2
   342 | D:2      | Reached XP level 3. HP: 21/26 MP: 3/3
   417 | D:4      | Noticed Eustachio
   431 | D:4      | Killed Eustachio
   431 | D:4      | Reached skill level 6 in Unarmed Combat
   431 | D:4      | Reached XP level 4. HP: 20/31 MP: 4/4
   431 | D:4      | Reached XP level 5. HP: 23/36 MP: 5/5
   466 | D:4      | Noticed a scorpion
   478 | D:4      | Killed a scorpion
   478 | D:4      | Reached skill level 7 in Unarmed Combat
   493 | D:4      | Reached XP level 6. HP: 7/42 MP: 6/6
   687 | D:4      | Noticed Sigmund
   720 | D:4      | Killed Sigmund
   811 | D:5      | Entered Level 5 of the Dungeon
   918 | D:5      | Noticed Blork the orc
   927 | D:5      | Killed Blork the orc
   927 | D:5      | Reached skill level 8 in Unarmed Combat
   993 | D:5      | Found Pluugg's Assorted Antiques.
   996 | D:5      | Bought a scroll labeled ACIPSU STASY for 15 gold pieces
   996 | D:5      | Bought a metallic white potion for 13 gold pieces
   996 | D:5      | Bought a purple potion for 13 gold pieces
  1058 | D:5      | Reached XP level 7. HP: 29/46 MP: 7/7
  1105 | D:6      | Found an ancient bone altar of Kikubaaqudgha.
  1215 | D:5      | HP: 2/46 [centaur/arrow (12)]
  1314 | D:5      | Bought a small ruby ring for 75 gold pieces
  1424 | D:5      | HP: 1/46 [sky beast (6)]
  1603 | D:5      | Noticed Prince Ribbit
  1605 | D:5      | Slain by Prince Ribbit

Action                   |  1- 3 |  4- 6 |  7- 9 || total
-------------------------+-------+-------+-------++-------
Melee: Unarmed           |    42 |    73 |    47 ||   162
Evoke: Wand              |       |     4 |     1 ||     5
  Use: Potion            |       |     2 |     6 ||     8
 Stab: Sleeping          |     5 |     2 |     4 ||    11
       Paralysed         |       |     1 |       ||     1
       Distracted        |       |     1 |       ||     1
